AoeStats
← MaxedWayOut

Golden Pit

510177067Analyzed
1v1 RM · 17h ago on Sep 29, 2026· 58m 38s· 2 players
Game mode
Random Map
Map size
Tiny (2 player)
Population
200
Speed
Normal
Resources
Standard
Victory
Conquest
Starting age
Dark Age
Ending age
Imperial Age
RankedLock teamsTeams togetherTeam positionsShared explorationLock speedFull tech treeHidden civsTurbo modeCheats
Victory
Defeat
🇩🇪 Byzantines · Germany
816
+39
🇺🇸 Magyars · United States
805
-15
MaxedWayOut
6:01 Loom
9:15 Feudal Age
10:48 Double-Bit Axe
16:19 Wheelbarrow
25:14 Castle Age
23:00 Town Watch
25:15 Fletching
25:27 Padded Archer Armor
25:21 Gold Mining
29:53 Husbandry
30:04 Bloodlines
32:39 Hand Cart
35:45 Imperial Age
45:05 Bow Saw
44:37 Horse Collar
49:19 Heavy Plow
51:39 Chemistry
52:44 Scale Barding Armor
57:56 Chain Barding Armor
58:56 Corvinian Army
Clauz
3:32 Loom
11:44 Feudal Age
13:24 Wheelbarrow
14:17 Double-Bit Axe
15:48 Gold Mining
18:21 Horse Collar
25:02 Castle Age
22:59 Stone Mining
23:37 Forging
23:18 Fletching
26:02 Bow Saw
26:34 Iron Casting
25:54 Bodkin Arrow
27:33 Padded Archer Armor
27:54 Heavy Plow
28:38 Pikeman
30:32 Elite Skirmisher
35:03 Hand Cart
36:26 Stone Shaft Mining
36:27 Gold Shaft Mining
39:22 Scale Mail Armor
43:25 Imperial Age
43:54 Chain Mail Armor
43:39 Treadmill Crane
43:56 Murder Holes
44:35 Scale Barding Armor
47:05 Plate Mail Armor
49:02 Two-Man Saw
50:19 Leather Archer Armor
50:04 Bracer
49:35 Halberdier
54:16 Chemistry
53:37 Ballistics
53:16 Guard Tower
53:39 Gambesons
53:55 Squires
53:41 Arson
56:39 Ring Archer Armor
56:29 Chain Barding Armor
56:37 Bombard Tower
56:57 Elite Cataphract
Connection lost

Rejoining the realm…

Still unreachable

The connection could not be restored.

Session expired

The server has moved on; the page needs a fresh start.